 Dungeon Crawl Stone Soup version 0.28-a0-1184-g53156a8862 (webtiles) character file.

Game seed: 12406507568942509025

161 fragbeetle the Ruffian (level 5, 0/40 HPs)
             Began as a Draconian Transmuter on Dec 17, 2021.
             Killed from afar by an orc wizard (6 damage)
             ... with a magic dart
             ... on level 6 of the Dungeon.
             The game lasted 00:07:48 (2545 turns).

fragbeetle the Ruffian (Draconian Transmuter)       Turns: 2545, Time: 00:07:49

Health: 0/40       AC:  5    Str: 14    XL:     5   Next: 19%
Magic:  8/8        EV: 12    Int: 13    God:
Gold:   87         SH:  0    Dex: 12    Spells: 0/8 levels left

rFire   . . .      SeeInvis .     - Unarmed
rCold   . . .      Faith    .   (no shield)
rNeg    . . .      Spirit   .   (armour unavailable)
rPois   +          Reflect  .   d - +0 hat
rElec   .          Harm     .   (no cloak)
rCorr   .          Rampage  .   (no gloves)
Will    .....                   (no boots)
Stlth   +.........              (no amulet)
HPRegen 0.13/turn               g - ring of poison resistance
MPRegen 0.11/turn               (no ring)

@: attractive
A: AC +5, unfitting armour, cold-blooded
a: no special abilities


You were on level 6 of the Dungeon.
You visited 1 branch of the dungeon, and saw 4 of its levels.

You collected 87 gold pieces.

Inventory:

Hand Weapons
 f - a +0 hunting sling
Missiles
 a - 27 sling bullets
 b - 34 stones
Armour
 d - a +0 hat (worn)
Jewellery
 g - a ring of poison resistance (left hand)
Wands
 n - a wand of acid (15)
Scrolls
 c - 2 scrolls of identify {unknown}
 h - a scroll of immolation {unknown}
 j - a scroll of fog {unknown}
 k - a scroll of fear {unknown}
 m - a scroll of teleportation {unknown}
Potions
 e - a potion of brilliance {unknown}
 i - a potion of attraction
 l - a potion of heal wounds {unknown}
 o - 2 potions of curing {unknown}


   Skills:
 - Level 1.1 Fighting
 - Level 1.7 Dodging
 + Level 4.3 Unarmed Combat
 - Level 2.0 Spellcasting
 + Level 3.7 Transmutations
 + Level 0.3 Ice Magic
 + Level 1.9 Poison Magic


You couldn't memorise any spells.
You knew the following spells:

 Your Spells              Type           Power      Damage    Failure   Level
a - Beastly Appendage     Tmut           20%        N/A       5%          1
b - Spider Form           Tmut/Pois      8%         N/A       24%         3
c - Ice Form              Ice/Tmut       6%         N/A       73%         4

Your spell library contained the following spells:

 Spells                   Type           Power      Damage    Failure   Level
 Wereblood                Tmut           10%        N/A       9%          2
 Frozen Ramparts          Ice            4%         1d2       56%         3
 Gell's Gravitas          Tloc           1%         N/A       58%         3
 Lesser Beckoning         Tloc           1%         N/A       58%         3
 Teleport Other           Tloc           1%         N/A       58%         3
 Summon Ice Beast         Ice/Summ       1%         N/A       94%         4


Dungeon Overview and Level Annotations

Branches:
Dungeon (3/15)

Altars:


Innate Abilities, Weirdness & Mutations

Your plain brown scales are hard. (AC +5)
You cannot fit into any form of body armour.
You are cold-blooded and may be slowed by cold attacks.


Message History

The orc closely misses you. The orc hits you but does no damage.
You barely miss the orc.
The orc is heavily wounded.
The orc hits you with a +0 mace.
The orc wizard hits you but does no damage.
The orc closely misses you. x2
You closely miss the orc.
The orc is heavily wounded.
The orc closely misses you.
The orc wizard hits you but does no damage.
The orc barely misses you. The orc closely misses you.
You barely miss the orc.
Your tail-slap misses the orc.
The orc is heavily wounded.
The orc hits you but does no damage.
The orc wizard hits you but does no damage.
The orc hits you with a +0 club. The orc hits you but does no damage.
You barely miss the orc.
The orc is heavily wounded.
The orc hits you with a +0 mace. The orc hits you but does no damage.
The orc wizard hits you but does no damage.
The orc misses you.
You hit the orc.
The orc is almost dead.
The orc barely misses you. The orc hits you with a +0 club.
The orc wizard hits you but does no damage.
The orc hits you with a +0 mace.
You hit the orc but do no damage.
The orc is almost dead.
The orc hits you but does no damage. The orc hits you with a +0 club.
* * * LOW HITPOINT WARNING * * *
The orc wizard casts a spell at you.
The magic dart hits you but does no damage.
The orc hits you with a +0 mace.
* * * LOW HITPOINT WARNING * * *
It was a potion of attraction.
You feel attractive to monsters. The orc closely misses you.
The orc wizard gestures at you while chanting.
The magic dart hits you.
You die...

#########
.......#
.....
#..#
##.o##
#.Zo@#
#.Zoo#
##.<##
#..# ....
.....
.....#
#+####


You could see an orc wizard, 3 orcs, a water moccasin zombie and a centaur
zombie.

Vanquished Creatures
  A scorpion (D:2)
  3 adders (D:2)
  2 worms (D:2)
  A dart slug (D:1)
  4 orcs (D:3)
  7 bats
  5 endoplasms
  2 giant cockroaches
  5 goblins
  5 hobgoblins
  2 jackals (D:3)
  2 quokkas (D:3)
  6 ball pythons
  3 frilled lizards
  5 kobolds
  4 rats
57 creatures vanquished.

Notes
Turn   | Place    | Note
-------+----------+-------------------------------------------
     0 | D:1      | fragbeetle the Draconian Transmuter began the quest for the
                  | Orb.
     0 | D:1      | Reached XP level 1. HP: 16/16 MP: 3/3
   366 | D:1      | Reached XP level 2. HP: 23/23 MP: 3/5
   955 | D:1      | Found a faded altar of an unknown god.
  1234 | D:2      | Reached XP level 3. HP: 25/28 MP: 6/6
  1301 | D:2      | Learned a level 3 spell: Spider Form
  1801 | D:2      | Reached skill level 4 in Unarmed Combat
  1801 | D:2      | Reached skill level 1 in Poison Magic
  1801 | D:2      | Reached XP level 4. HP: 35/35 MP: 5/7
  1862 | D:2      | Noticed a scorpion
  1881 | D:2      | Killed a scorpion
  2067 | D:3      | Reached XP level 5. HP: 39/40 MP: 8/8
  2075 | D:3      | Learned a level 4 spell: Ice Form
  2530 | D:3      | You fall into a shaft and drop 3 floors!
  2545 | D:6      | Killed from afar by an orc wizard

Illustrated notes

Levels and vault maps discovered:
D:1:      minmay_arrival_hallway, layout_loops_ring,
          shapermc_ecumenical_altar_venn
D:2:      layout_basic, kennysheep_generic_room_3
D:3:      layout_loops_ring, minmay_tree_intersection,
          hangedman_decor_clover_reticule, hangedman_decor_points,
          serial_bayou_pond_c, minmay_vboxes, uniq_sigmund
D:6:      layout_gridville, marbit_many_paths, serial_undead, serial_undead_b,
          serial_undead_e, serial_undead_f, serial_undead_e, serial_undead_f,
          serial_undead_c, serial_undead_e, serial_shops, shop,
          gup_sewer_entry_glass, kennysheep_nub

Skill      XL: |  1  2  3 |
---------------+----------+-----
Transmutations | 3 |  3.7
Unarmed Combat | 4 |  4.3
Poison Magic   | 1 |  1.9
Fighting       | |  1.1
Dodging        | |  1.7
Spellcasting   | |  2.0
Ice Magic      | |  0.3

Action                   |  1- 3 |  4- 6 || total
-------------------------+-------+-------++-------
Melee: Unarmed           |    90 |    67 ||   157
       Kick              |    22 |     8 ||    30
       Headbutt          |    12 |    11 ||    23
       Tailslap          |     6 |     5 ||    11
       Punch             |       |     1 ||     1
Throw: Stone             |       |     1 ||     1
 Cast: Beastly Appendage |    27 |    12 ||    39
  Use: Potion            |       |     1 ||     1
 Stab: Sleeping          |     2 |       ||     2
Armor: Skin              |    30 |    34 ||    64
Dodge: Dodged            |    55 |    51 ||   106

Table legend: (Time is in decaauts)
 A = Elapsed time spent in this place.
 B = Non-inter-level travel time spent in this place.
 C = Inter-level travel time spent in this place.
 D = Time resting spent in this place.
 E = Time spent auto-exploring this place.
 F = Levels seen in this place.
 G = Mean time per level.
                   A        B        C        D        E       F      G
               +--------+--------+--------+--------+--------+-----+--------+
         Total |   2536 |   2321 |    215 |    338 |   1037 |   4 |  634.0 |
       Dungeon |   2536 |   2321 |    215 |    338 |   1037 |   4 |  634.0 |
               +--------+--------+--------+--------+--------+-----+--------+

Top non-repeatable levels by time:
     D:1: 1183 daAuts
     D:2: 851 daAuts
     D:3: 487 daAuts
     D:6: 14 daAuts
